TOP OF THE 1ST |
Otsego Bulldogs batting - Pitching for Trenton Stars : RHP John Foster
|
Pitching: RHP John Foster
|
|
Batting: LHB Mario Cornelo
|
0-0: SINGLE (Line Drive, 56D)
|
Batting: RHB Ryosei Yamamoto
|
0-0: Called Strike 0-1: Grounds into double play, 5-4-3 (Groundball, 56)
|
Batting: RHB Jorge Cisneros
|
0-0: Ball 1-0: SINGLE (Line Drive, 34D)
|
Batting: RHB Patrick Potts
|
0-0: Called Strike 0-1: SINGLE (Groundball, 34) (infield hit) Jorge Cisneros to second
|
Batting: RHB Jim Beck
|
0-0: Fielders Choice at 2nd, 5-4 (Groundball, 56)
|
Top of the 1st over - 0 run(s), 3 hit(s), 0 error(s), 1 left on base; Otsego 0 - Trenton 0 |
BOTTOM OF THE 1ST |
Trenton Stars batting - Pitching for Otsego Bulldogs : RHP Tim Hill
|
Pitching: RHP Tim Hill
|
|
Batting: SHB Nick Marshall
|
0-0: Ground out 4-3 (Groundball, 4)
|
Batting: RHB Felipe Olivas
|
0-0: Called Strike 0-1: Ball 1-1: Called Strike 1-2: SINGLE (Line Drive, 89S)
|
Batting: LHB Lee Burton
|
0-0: Called Strike 0-1: Called Strike 0-2: Ball 1-2: Fly out, F9 (Flyball, 9D)
|
Batting: LHB Ricardo Brandariz
|
0-0: Swinging Strike 0-1: Ground out 3-1 (Groundball, 34S)
|
Bottom of the 1st over - 0 run(s), 1 hit(s), 0 error(s), 1 left on base; Otsego 0 - Trenton 0 |
TOP OF THE 2ND |
Otsego Bulldogs batting - Pitching for Trenton Stars : RHP John Foster
|
Batting: RHB Armando Cuevas
|
0-0: Ball 1-0: Swinging Strike 1-1: Swinging Strike 1-2: Fly out, F7 (Flyball, 7)
|
Batting: RHB Ramiro Chávez
|
0-0: Ball 1-0: Foul Ball, location: 2F 1-1: Ground out 5-3 (Groundball, 5)
|
Batting: RHB Kyung-bok Cho
|
0-0: Foul Ball, location: 2F 0-1: Foul Ball, location: 2F 0-2: Ball 1-2: Strikes out swinging
|
Top of the 2nd over - 0 run(s), 0 hit(s), 0 error(s), 0 left on base; Otsego 0 - Trenton 0 |
BOTTOM OF THE 2ND |
Trenton Stars batting - Pitching for Otsego Bulldogs : RHP Tim Hill
|
Batting: RHB Gabriel Villegas
|
0-0: Ball 1-0: Ball 2-0: Ground out 6-3 (Groundball, 6)
|
Batting: RHB Chris Cole
|
0-0: Ball 1-0: Called Strike 1-1: SINGLE (Line Drive, 56D)
|
Batting: LHB Marvin Morris
|
0-0: Ball 1-0: Called Strike 1-1: Ball 2-1: Swinging Strike 2-2: Strikes out swinging
|
Batting: RHB Kenji Murayama
|
0-0: Foul Ball, location: 2F 0-1: Foul Ball, location: 2F 0-2: Ball 1-2: Fly out, F9 (Flyball, 89M)
|
Bottom of the 2nd over - 0 run(s), 1 hit(s), 0 error(s), 1 left on base; Otsego 0 - Trenton 0 |
TOP OF THE 3RD |
Otsego Bulldogs batting - Pitching for Trenton Stars : RHP John Foster
|
Batting: RHB José Martínez
|
0-0: Swinging Strike 0-1: Called Strike 0-2: Foul Ball, location: 2F 0-2: Ball 1-2: Strikes out swinging
|
Batting: LHB Mario Cornelo
|
0-0: Called Strike 0-1: Ball 1-1: Foul Ball, location: 2F 1-2: Strikes out swinging
|
Batting: RHB Ryosei Yamamoto
|
0-0: Foul Ball, location: 2F 0-1: Ground out 6-3 (Groundball, 6)
|
Top of the 3rd over - 0 run(s), 0 hit(s), 0 error(s), 0 left on base; Otsego 0 - Trenton 0 |
BOTTOM OF THE 3RD |
Trenton Stars batting - Pitching for Otsego Bulldogs : RHP Tim Hill
|
Batting: RHB Emílio Salas
|
0-0: Ball 1-0: Fly out, F8 (Flyball, 78M)
|
Batting: SHB Nick Marshall
|
0-0: SINGLE (Line Drive, 56)
|
Batting: RHB Felipe Olivas
|
0-0: Ball 1-0: SINGLE (Line Drive, 89S) Nick Marshall to second
|
Batting: LHB Lee Burton
|
0-0: Ball 1-0: Ball 2-0: Called Strike 2-1: SINGLE (Groundball, 56D) Nick Marshall to third Felipe Olivas to second Runner from 3rd tries for Home, SAFE, no throw
|
Batting: LHB Ricardo Brandariz
|
0-0: Ball 1-0: Ground out 4-3 (Groundball, 4MS) Felipe Olivas to third Lee Burton to second
|
Batting: RHB Gabriel Villegas
|
0-0: Ball 1-0: Foul Ball, location: 2F 1-1: Ball 2-1: Swinging Strike 2-2: Fly out, F2 (Popup, P)
|
Bottom of the 3rd over - 1 run(s), 3 hit(s), 0 error(s), 2 left on base; Otsego 0 - Trenton 1 |
TOP OF THE 4TH |
Otsego Bulldogs batting - Pitching for Trenton Stars : RHP John Foster
|
Batting: RHB Jorge Cisneros
|
0-0: Ball 1-0: Ground out 6-3 (Groundball, 6S)
|
Batting: RHB Patrick Potts
|
0-0: Ball 1-0: Ball 2-0: Foul Ball, location: 2F 2-1: Foul Ball, location: 2F 2-2: Ball 3-2: Base on Balls
|
Batting: RHB Jim Beck
|
0-0: Called Strike 0-1: Swinging Strike 0-2: Foul Ball, location: 2F 0-2: Strikes out swinging
|
Batting: RHB Armando Cuevas
|
0-0: Called Strike 0-1: Ball 1-1: Fielders Choice at 2nd, 6-4 (Groundball, 6)
|
Top of the 4th over - 0 run(s), 0 hit(s), 0 error(s), 0 left on base; Otsego 0 - Trenton 1 |
BOTTOM OF THE 4TH |
Trenton Stars batting - Pitching for Otsego Bulldogs : RHP Tim Hill
|
Batting: RHB Chris Cole
|
0-0: Ball 1-0: Ball 2-0: Called Strike 2-1: Called Strike 2-2: Ball 3-2: Ground out 6-3 (Groundball, 6)
|
Batting: LHB Marvin Morris
|
0-0: Ball 1-0: Ball 2-0: Foul Ball, location: 2F 2-1: Foul Ball, location: 2F 2-2: Foul Ball, location: 2F 2-2: Foul Ball, location: 2F 2-2: Foul Ball, location: 2F 2-2: SINGLE (Groundball, 4D)
|
Batting: RHB Kenji Murayama
|
0-0: Ball 1-0: Ball 2-0: DOUBLE (Line Drive, 7LS) Marvin Morris to third
|
Batting: RHB Emílio Salas
|
0-0: Called Strike 0-1: SINGLE (Groundball, 6D) Marvin Morris scores Kenji Murayama to third Runner from 3rd tries for Home, SAFE, throw made home Emílio Salas to second
|
Batting: SHB Nick Marshall
|
0-0: Ball 1-0: Swinging Strike 1-1: Called Strike 1-2: Foul Ball, location: 2F 1-2: Ball 2-2: Ground out U3 (Groundball, 3) Emílio Salas to third
|
Batting: RHB Felipe Olivas
|
0-0: Called Strike 0-1: Called Strike 0-2: Fly out, F9 (Flyball, 89M)
|
Bottom of the 4th over - 2 run(s), 3 hit(s), 0 error(s), 1 left on base; Otsego 0 - Trenton 3 |
TOP OF THE 5TH |
Otsego Bulldogs batting - Pitching for Trenton Stars : RHP John Foster
|
Batting: RHB Ramiro Chávez
|
0-0: Ball 1-0: Foul Ball, location: 2F 1-1: Called Strike 1-2: Ball 2-2: Ball 3-2: Base on Balls
|
Batting: RHB Kyung-bok Cho
|
0-0: Ball 1-0: Called Strike 1-1: Foul Ball, location: 2F 1-2: SINGLE (Groundball, 4MD) Ramiro Chávez to second
|
Batting: RHB José Martínez
|
0-0: Foul Ball, location: 2F 0-1: Foul Ball, location: 2F 0-2: Strikes out swinging
|
Batting: LHB Mario Cornelo
|
0-0: Ball 1-0: Ball 2-0: Called Strike 2-1: Foul Ball, location: 2F 2-2: Strikes out swinging
|
Batting: RHB Ryosei Yamamoto
|
0-0: Swinging Strike 0-1: Called Strike 0-2: Ball 1-2: Ball 2-2: Strikes out swinging
|
Top of the 5th over - 0 run(s), 1 hit(s), 0 error(s), 2 left on base; Otsego 0 - Trenton 3 |
BOTTOM OF THE 5TH |
Trenton Stars batting - Pitching for Otsego Bulldogs : RHP Tim Hill
|
Batting: LHB Lee Burton
|
0-0: Single, Error in OF, E7, batter to second base
|
Batting: LHB Ricardo Brandariz
|
0-0: Called Strike 0-1: Called Strike 0-2: Ball 1-2: Strikes out looking
|
Batting: RHB Gabriel Villegas
|
0-0: Foul Ball, location: 2F 0-1: Swinging Strike 0-2: Strikes out looking
|
Batting: RHB Chris Cole
|
0-0: SINGLE (Flyball, 6MD) Lee Burton to third Runner from 3rd tries for Home, SAFE, no throw
|
Batting: LHB Marvin Morris
|
0-0: Foul Ball, location: 2F 0-1: Ball 1-1: Swinging Strike 1-2: Foul Ball, location: 2F 1-2: Ball 2-2: SINGLE (Groundball, 34D) Chris Cole to second Runner from 2nd tries for 3rd, SAFE, throw made to third
|
Pitching: LHP Jeff Hardin
|
|
Batting: RHB Kenji Murayama
|
0-0: Ball 1-0: Ball 2-0: Fly out, F5 (Popup, 56)
|
Bottom of the 5th over - 1 run(s), 3 hit(s), 1 error(s), 2 left on base; Otsego 0 - Trenton 4 |
TOP OF THE 6TH |
Otsego Bulldogs batting - Pitching for Trenton Stars : RHP John Foster
|
Batting: RHB Jorge Cisneros
|
0-0: Ground out 5-3 (Groundball, 5S)
|
Batting: RHB Patrick Potts
|
0-0: Ball 1-0: Ground out 6-3 (Groundball, 6)
|
Batting: RHB Jim Beck
|
0-0: Foul Ball, location: 2F 0-1: Foul Ball, location: 2F 0-2: Foul Ball, location: 2F 0-2: Fly out, F8 (Flyball, 8RS)
|
Top of the 6th over - 0 run(s), 0 hit(s), 0 error(s), 0 left on base; Otsego 0 - Trenton 4 |
BOTTOM OF THE 6TH |
Trenton Stars batting - Pitching for Otsego Bulldogs : LHP Jeff Hardin
|
Batting: RHB Emílio Salas
|
0-0: DOUBLE (Line Drive, 8LXD)
|
Batting: SHB Nick Marshall
|
0-0: Foul Ball, location: 2F 0-1: Ground out 5-3 (Groundball, 25) Emílio Salas to third
|
Batting: RHB Felipe Olivas
|
0-0: Intentional Walk
|
Batting: LHB Lee Burton
|
0-0: Called Strike 0-1: Ball 1-1: Ball 2-1: Swinging Strike 2-2: Strikes out swinging
|
Batting: LHB Ricardo Brandariz
|
Pickoff Throw to First - Out!
|
Bottom of the 6th over - 0 run(s), 1 hit(s), 0 error(s), 0 left on base; Otsego 0 - Trenton 4 |
TOP OF THE 7TH |
Otsego Bulldogs batting - Pitching for Trenton Stars : RHP John Foster
|
Batting: RHB Armando Cuevas
|
0-0: Foul Ball, location: 2F 0-1: Called Strike 0-2: Foul Ball, location: 2F 0-2: Fly out, F8 (Flyball, 8LS)
|
Batting: RHB Ramiro Chávez
|
0-0: Ball 1-0: Swinging Strike 1-1: Ball 2-1: Fly out, F8 (Flyball, 8LS)
|
Batting: RHB Kyung-bok Cho
|
0-0: Ball 1-0: SINGLE (Line Drive, 8LS)
|
Batting: RHB José Martínez
|
0-0: Called Strike 0-1: Ball 1-1: Ball 2-1: Foul Ball, location: 2F 2-2: Strikes out swinging
|
Top of the 7th over - 0 run(s), 1 hit(s), 0 error(s), 1 left on base; Otsego 0 - Trenton 4 |
BOTTOM OF THE 7TH |
Trenton Stars batting - Pitching for Otsego Bulldogs : LHP Jeff Hardin
|
Batting: LHB Ricardo Brandariz
|
0-0: Foul Ball, location: 2F 0-1: Ground out 6-3 (Groundball, 6)
|
Batting: RHB Gabriel Villegas
|
0-0: Called Strike 0-1: DOUBLE (Line Drive, 89D)
|
Batting: RHB Chris Cole
|
0-0: Intentional Walk
|
Batting: LHB Marvin Morris
|
0-0: Ball 1-0: Called Strike 1-1: Ball 2-1: Foul Ball, location: 2F 2-2: Foul Ball, location: 2F 2-2: Ball 3-2: Fly out, F8 (Flyball, 8RD) Runner from 2nd tags up, SAFE at 3rd, no throw
|
Batting: RHB Kenji Murayama
|
0-0: Called Strike 0-1: Fly out, F6 (Popup, 6D)
|
Bottom of the 7th over - 0 run(s), 1 hit(s), 0 error(s), 2 left on base; Otsego 0 - Trenton 4 |
TOP OF THE 8TH |
Otsego Bulldogs batting - Pitching for Trenton Stars : RHP John Foster
|
Batting: LHB Mario Cornelo
|
0-0: Called Strike 0-1: Ball 1-1: Foul Ball, location: 2F 1-2: Strikes out swinging, 2-3 out at first.
|
Batting: RHB Ryosei Yamamoto
|
0-0: Foul Ball, location: 2F 0-1: Ball 1-1: Ball 2-1: Ground out 5-3 (Groundball, 5)
|
Batting: RHB Jorge Cisneros
|
0-0: Ball 1-0: Foul Ball, location: 2F 1-1: Ball 2-1: Foul Ball, location: 2F 2-2: Strikes out swinging
|
Top of the 8th over - 0 run(s), 0 hit(s), 0 error(s), 0 left on base; Otsego 0 - Trenton 4 |
BOTTOM OF THE 8TH |
Trenton Stars batting - Pitching for Otsego Bulldogs : LHP Jeff Hardin
|
Batting: RHB Emílio Salas
|
0-0: Called Strike 0-1: Foul Ball, location: 2F 0-2: Ground out 5-3 (Groundball, 56S)
|
Batting: SHB Nick Marshall
|
0-0: Foul Ball, location: 2F 0-1: Foul Ball, location: 2F 0-2: Strikes out swinging
|
Batting: RHB Felipe Olivas
|
0-0: Called Strike 0-1: Swinging Strike 0-2: Ball 1-2: Ball 2-2: Ball 3-2: Ground out 4-3 (Groundball, 34)
|
Bottom of the 8th over - 0 run(s), 0 hit(s), 0 error(s), 0 left on base; Otsego 0 - Trenton 4 |
TOP OF THE 9TH |
Otsego Bulldogs batting - Pitching for Trenton Stars : RHP John Foster
|
Pitching: RHP Jonathan Booker
|
|
Batting: RHB Patrick Potts
|
0-0: Foul Ball, location: 2F 0-1: Called Strike 0-2: Strikes out swinging, 2-3 out at first.
|
Batting: RHB Jim Beck
|
0-0: Reaches on Catchers interference
|
Batting: RHB Armando Cuevas
|
0-0: Foul Ball, location: 2F 0-1: DOUBLE (Flyball, 78XD) Jim Beck to third Runner from 3rd tries for Home, SAFE, no throw
|
Batting: RHB Ramiro Chávez
|
0-0: Ball 1-0: Called Strike 1-1: Ball 2-1: Fly out, F6 (Line Drive, 6M) Lined into DP, U6 (Line Drive, 6M)
|
Top of the 9th over - 1 run(s), 1 hit(s), 1 error(s), 0 left on base; Otsego 1 - Trenton 4 |
|